 Dungeon Crawl Stone Soup version 0.30.1 (webtiles) character file.

Game seed: 3752585821026547032

1999 spardeous the Geomancer (level 9, -11/34 HPs)
             Began as a Felid Earth Elementalist on July 11, 2023.
             Was an Initiate of Gozag.
             Killed from afar by an ironbound thunderhulk (16 damage)
             ... with a bolt of lightning
             ... summoned by a worldbinder
             ... on level 2 of the Abyss.
             The game lasted 00:28:34 (12380 turns).

spardeous the Geomancer (Felid Earth Elementalist) Turns: 12380, Time: 00:28:34

Health: -11/34     AC:  2    Str:  4    XL:     9   Next: 2%
Magic:  17/17      EV: 23    Int: 22    God:    Gozag
Gold:   426        SH:  0    Dex: 16    Spells: 14/18 levels left
                                        Lives:  0   Deaths: 3

rFire   + . .        (weapon unavailable)
rCold   + . .        (shield unavailable)
rNeg    + . .        (body armour unavailable)
rPois   +            (helmet unavailable)
rElec   +            (cloak unavailable)
rCorr   +            (gloves unavailable)
SInv    +            (boots unavailable)
Will    +....        (no amulet)
Stlth   ++           l - +4 ring of slaying
HPRegen 0.00/turn    C - ring of positive energy
MPRegen 0.15/turn

%: no passive effects
@: resistant, sick, quick
A: very small, claws 1, fangs 3, see invisible, speed 1, shaggy fur 2, stealthy
paws, no weapons or thrown items, no armour, multi-lived
a: Renounce Religion, Potion Petition, Call Merchant, Bribe Branch


You were on level 2 of the Abyss.
You worshipped Gozag.
Gozag was aware of your devotion.
You visited 2 branches of the dungeon, and saw 11 of its levels.
You visited the Abyss 1 time.

You collected 616 gold pieces.
You paid 190 gold pieces to Gozag.

Inventory:

Jewellery
 l - a +4 ring of slaying (left paw)
 C - a ring of positive energy (right paw)
 E - a ring of willpower
 F - a ring of poison resistance
 K - an amulet of the acrobat
Wands
 m - a wand of charming (25)
 q - a wand of flame (6)
 v - a wand of mindburst (24)
 w - a wand of polymorph (11)
 G - a wand of iceblast (10)
 H - a wand of digging (8)
Scrolls
 c - 3 scrolls of teleportation
 f - 4 scrolls of amnesia
 i - 2 scrolls of immolation
 j - 3 scrolls of magic mapping {unknown}
 k - 5 scrolls of enchant armour {unknown}
 n - 2 scrolls of noise {unknown}
 o - 2 scrolls of blinking {unknown}
 r - 3 scrolls of fear {unknown}
 s - 2 scrolls of brand weapon {unknown}
 u - 3 scrolls of enchant weapon
 y - 3 scrolls of identify
 B - a scroll of poison {unknown}
 D - a scroll of butterflies {unknown}
Potions
 a - 2 potions of magic
 b - 6 potions of curing
 d - a potion of cancellation {unknown}
 e - 3 potions of mutation {unknown}
 g - a potion of degeneration
 h - 4 potions of haste {unknown}
 p - 3 potions of lignification {unknown}
 t - a potion of berserk rage {unknown}
 x - 2 potions of heal wounds {unknown}
 z - a potion of invisibility {unknown}
 A - a potion of attraction {unknown}
 I - a potion of brilliance {unknown}
 J - 2 potions of resistance {unknown}


   Skills:
 - Level 10.0 Dodging
 - Level 2.6 Stealth
 - Level 5.0 Spellcasting
 + Level 9.5 Conjurations
 - Level 1.1 Transmutations
 - Level 10.0 Earth Magic


You had 14 spell levels left.
You knew the following spells:

 Your Spells              Type           Power      Damage    Failure   Level
a - Sandblast             Erth           98%        2d20      1%          1
b - Stone Arrow           Conj/Erth      96%        3d13      1%          3

Your spell library contained the following spells:

 Spells                   Type           Power      Damage    Failure   Level
 Magic Dart               Conj           100%       1d8       1%          1
 Passwall                 Tmut/Erth      25%        N/A       1%          2
 Searing Ray              Conj           94%        2d7       1%          2
 Lee's Rapid Deconstruct  Erth           24%        3d13*     4%          5
 Summon Small Mammal      Summ           20%        N/A       10%         1
 Petrify                  Tmut/Erth      30%        N/A       10%         4
 Fulminant Prism          Conj/Hex       13%        3d9       14%         4
 Ensorcelled Hibernation  Hex/Ice        10%        N/A       16%         2
 Ignite Poison            Fire/Tmut/Pois 7%         N/A       26%         3
 Call Canine Familiar     Summ           5%         N/A       30%         3
 Summon Guardian Golem    Hex/Summ       5%         N/A       30%         3
 Swiftness                Air            5%         N/A       30%         3
 Fireball                 Conj/Fire      13%        3d7       36%         5
 Shatter                  Erth           24%        3d21*     100%        9


Dungeon Overview and Level Annotations

Branches:
Dungeon (10/15)            Temple (1/1) D:6
   Lair: D:8-11         Orc: D:9-12

Altars:
Ashenzari
Dithmenos
Elyvilon
Fedhas
Gozag
Hepliaklqana
Kikubaaqudgha
Makhleb
Nemelex Xobeh
Okawaru
Qazlal
Ru
Sif Muna
Trog
Uskayaw
Vehumet
Wu Jian
Xom
Yredelemnul
Zin

Shops:
D:7 *

Annotations:
D:10 Psyche


Innate Abilities, Weirdness & Mutations

You have sharp claws.
You have razor-sharp teeth.
You have supernaturally acute eyesight. (SInv)
You cover ground quickly. (Speed+)
You are covered in thick fur. (AC +2)
Your paws help you pounce on unaware monsters.
You are incapable of wielding weapons or throwing items.
You cannot wear armour.
You gain extra lives every three experience levels.


Message History

You are now level 9!
You rejoin the land of the living...
You are suddenly pulled into a different region of the Abyss!
An ancient zyme comes into view.
You feel yourself growing ill in the presence of the ancient zyme.
You feel ill.
The apocalypse crab breathes chaos at you.
The blast of chaos engulfs you but does no damage.
You are poisoned.
You are engulfed in seething chaos.
You feel sick.
The apocalypse crab breathes chaos at you.
The blast of chaos engulfs you!
You are engulfed in seething chaos.
You feel protected.
You feel sick.
You feel sick.
You feel sick.
You feel sick.
You feel sick.
You are no longer poisoned.
A fire bat comes into view.
The fire bat moves out of view.
A worldbinder comes into view.
The apocalypse crab breathes chaos at you.
The worldbinder calls forth creatures from the Vaults!
The purple very ugly thing is engulfed in seething chaos.
The worldbinder calls forth creatures from the Vaults!
A raiju comes into view.
The green very ugly thing basks in the mutagenic energy from its kin and changes!
The worldbinder calls forth creatures from the Vaults!
Electricity crackles from the ironbound thunderhulk's apparatus.
The bolt of lightning misses you.
A neqoxec comes into view.
Electricity crackles from the ironbound thunderhulk's apparatus.
The bolt of lightning hits you! You resist.
* * * LOW HITPOINT WARNING * * *
Electricity crackles from the ironbound thunderhulk's apparatus.
The bolt of lightning hits you! You resist.
You die...
Your body crumbles into a pile of gold.

# # ###.#
##
##...#~..#
#.Ou~u#
##..##.#
#.O..###
#...♣# ##
#.#..#
#...###..#
#.3@.##
#....###
.....§.
...#...
.#..#.#
##... ..#.
§ ###


You could see a white very ugly thing (summoned), 2 ironbound thunderhulks and a
neqoxec.

Vanquished Creatures
  A two-headed ogre (D:9)
  Maggie (D:8)
  A kobold demonologist (D:10)
  An ancient zyme (Abyss:1)
  2 trolls (D:9)
  A hornet (D:9)
  21 yaks
  Menkaure (D:5)
  2 acid dragons (D:9)
  2 water moccasins
  An ice beast (D:7)
  2 orc warriors (D:8)
  2 ogres
  A centaur (D:8)
  Blork the orc (D:4)
  A kobold brigand (D:8)
  A phantom (D:5)
  A bullfrog (D:8)
  A gnoll sergeant (D:7)
  2 scorpions
  8 wights
  4 killer bees (D:8)
  5 howler monkeys
  An electric eel (D:8)
  4 orc priests
  4 hounds
  A jelly (D:6)
  2 gnoll boudas
  2 sleepcaps
  2 iguanas
  8 orc wizards
  22 gnolls
  6 adders
  3 white imps
  An ufetubus (D:7)
  20 orcs
  6 ball pythons
  6 bats
  6 endoplasms
  4 giant cockroaches
  9 goblins
  5 hobgoblins
  4 jackals (D:4)
  13 kobolds
  3 quokkas
  2 frilled lizards (D:1)
  7 rats
204 creatures vanquished.

Notes
Turn   | Place    | Note
-------+----------+-------------------------------------------
     0 | D:1      | spardeous the Felid Earth Elementalist began the quest for
                  | the Orb.
     0 | D:1      | Reached XP level 1. HP: 7/7 MP: 4/4
   254 | D:1      | Reached XP level 2. HP: 11/11 MP: 1/6
   710 | D:3      | Reached XP level 3. HP: 14/14 MP: 5/7
   997 | D:4      | Noticed Blork the orc
  1049 | D:4      | Reached XP level 4. HP: 18/18 MP: 4/8
  1156 | D:4      | You fall into a shaft and drop 3 floors!
  1193 | D:7      | Found Eqieplee's Lightly-Used Armoury.
  1197 | D:7      | Noticed an ice beast
  1276 | D:7      | Killed an ice beast
  1277 | D:7      | Reached skill level 5 in Earth Magic
  1277 | D:7      | Reached XP level 5. HP: 21/21 MP: 4/9
  1410 | D:6      | Noticed an ogre
  1424 | D:6      | Killed an ogre
  1425 | D:6      | Reached skill level 5 in Dodging
  1425 | D:6      | Gained mutation: You are covered in thick fur. (AC +2)
                  | [Felid growth]
  1425 | D:6      | Reached XP level 6. HP: 24/24 MP: 5/10
  1436 | D:5      | Entered Level 5 of the Dungeon
  2071 | D:5      | Reached XP level 7. HP: 27/27 MP: 7/11
  2399 | D:5      | Identified a scroll of acquirement
  2401 | D:5      | Acquired Wesk's Commentary on Tectonic Cinders
  2409 | D:5      | Learned a level 3 spell: Stone Arrow
  2760 | D:5      | Noticed Menkaure
  2848 | D:6      | Reached skill level 1 in Conjurations
  2995 | D:6      | Reached XP level 8. HP: 31/31 MP: 5/12
  3329 | D:6      | Found a staircase to the Ecumenical Temple.
  3337 | Temple   | Entered the Ecumenical Temple
  6165 | D:4      | Killed Blork the orc
  6331 | D:5      | Killed Menkaure
  7343 | D:7      | Reached skill level 5 in Spellcasting
  7984 | D:8      | Found a transporter.
  7984 | D:8      | Found a transporter.
  8065 | D:7      | Reached XP level 9. HP: 29/34 MP: 4/17
  8478 | D:8      | Noticed Maggie
  8490 | D:8      | Killed Maggie
  8940 | D:8      | Shot with an arrow by a centaur
  8941 | D:8      | Reached XP level 8. HP: 0/31 MP: 14/16
  9010 | D:8      | Reached skill level 10 in Earth Magic
  9285 | D:8      | Reached XP level 9. HP: 34/34 MP: 4/17
  9488 | D:8      | Reached skill level 10 in Dodging
  9596 | D:8      | Reached skill level 5 in Conjurations
  9873 | D:8      | HP: 1/34 [orc priest/divine providence (12)]
 10306 | D:8      | Reached XP level 10. HP: 29/37 MP: 4/18
 10645 | D:9      | Noticed a two-headed ogre
 11558 | D:9      | Killed a two-headed ogre
 11632 | D:9      | Paralysed by a hornet for 1 turns
 11634 | D:9      | Succumbed to a hornet's poison
 11635 | D:9      | Reached XP level 9. HP: -1/34 MP: 8/17
 11635 | D:9      | Found a hazy altar of Hepliaklqana.
 11635 | D:9      | Found a sparkling altar of Nemelex Xobeh.
 11636 | D:9      | Found a blossoming altar of Fedhas.
 11636 | D:9      | Found a bloodstained altar of Trog.
 11642 | D:9      | Found an opulent altar of Gozag.
 11646 | D:9      | Became a worshipper of Gozag Ym Sagoz the Greedy
 11746 | D:9      | Noticed a troll
 11751 | D:9      | Killed a troll
 12075 | D:10     | Entered Level 10 of the Dungeon
 12075 | D:10     | Noticed Psyche
 12075 | D:10     | Noticed a kobold demonologist
 12080 | D:10     | Killed a kobold demonologist
 12157 | Abyss:1  | Cast into level 1 of the Abyss (Psyche)
 12175 | Abyss:1  | Noticed an ancient zyme
 12182 | Abyss:1  | Killed an ancient zyme
 12183 | Abyss:1  | Reached XP level 10. HP: 37/37 MP: 8/18
 12216 | Abyss:1  | Noticed a hell hog
 12217 | Abyss:1  | Noticed a hell hog
 12218 | Abyss:1  | Noticed a hell hog
 12231 | Abyss:1  | Noticed a smoke demon
 12234 | Abyss:1  | Noticed a great orb of eyes
 12245 | Abyss:1  | Found a corrupted altar of Lugonu.
 12262 | Abyss:2  | Killed from afar by a raiju
 12263 | Abyss:2  | Reached XP level 9. HP: 0/34 MP: 10/17
 12338 | Abyss:2  | Noticed an apocalypse crab
 12338 | Abyss:2  | Noticed an ancient zyme
 12362 | Abyss:2  | Noticed a worldbinder
 12364 | Abyss:2  | Noticed a purple very ugly thing
 12366 | Abyss:2  | Noticed a vault sentinel
 12367 | Abyss:2  | Noticed a purple very ugly thing
 12367 | Abyss:2  | Noticed a green very ugly thing
 12376 | Abyss:2  | Noticed a white very ugly thing
 12376 | Abyss:2  | Noticed an ironbound thunderhulk
 12376 | Abyss:2  | Noticed an ironbound thunderhulk
 12380 | Abyss:2  | Killed from afar by an ironbound thunderhulk

Illustrated notes

Levels and vault maps discovered:
D:1:      dpeg_cavernosity, layout_basic, minmay_tall_x
D:2:      layout_basic
D:3:      layout_basic
D:4:      layout_cave_pools, corexii_shack, uniq_blork_the_orc
D:5:      layout_basic, hangedman_glass_teeth, uniq_menkaure
D:6:      layout_rooms, minmay_temple_entry_drinking_statues, serial_rivers,
          chequers_serial_rivers_micro_d, chequers_serial_rivers_micro_d,
          chequers_serial_rivers_micro_c, chequers_serial_rivers_large_a,
          chequers_serial_rivers_small_3
D:7:      layout_basic, minmay_shop_damaged
D:8:      argonaut_augean_stables, layout_rooms, nicolae_diode_stairs,
          uniq_maggie
D:9:      layout_cave_pools, nicolae_overflow_hallway_of_the_gods
D:10:     layout_roguey, mainiacjoe_overflow_24_doors,
          mainiacjoe_overflow_brackets, orc_0_dummy, gammafunk_ghost_hive,
          hangedman_ranch, uniq_psyche, uniq_erolcha
Temple:   regret_index_temple_generic_petals
Abyss:2:  base: D:1, gammafunk_corrupted_shrine, bh_abyss_exit_spiral,
          lemuel_firewalk_3

Skill      XL: |  1  2  3  4  5  6  7  8  9 10 |
---------------+-------------------------------+-----
Earth Magic    | 3 4 5 6 7 10 9 | 10.0
Dodging        | 4 5 6 8 10 | 10.0
Conjurations   | 2 3 6 9 |  9.5
Spellcasting   | 5 |  5.0
Stealth        | |  2.6
Transmutations | |  1.1

Action                     |  1- 3 |  4- 6 |  7- 9 | 10-12 || total
---------------------------+-------+-------+-------+-------++-------
  Melee: Unarmed           |       |       |    11 |       ||    11
         Bite              |       |       |     1 |       ||     1
   Cast: Sandblast         |    36 |    52 |   217 |    13 ||   318
         Stone Arrow       |       |       |    86 |    38 ||   124
    Use: Scroll            |       |       |     6 |     2 ||     8
         Potion            |       |       |     1 |     2 ||     3
 Armour: Skin              |     2 |       |     4 |     1 ||     7
  Dodge: Dodged            |    15 |    20 |   100 |    21 ||   156
